woodfighter, chaotic male human Barbarian --- #* ...- # -.------ ---------- ---- ---- ---|..##** # #|%..*# * .......-##......|. | ---..|--- ---- --..| ---..|..|########..# # *|.......#|....%%...|####.%..|..| # .-..| |.^.| ##......- # # #---# ##### ###-|....|.....=%|..## |..-##..##.----|...--#..- #|..--...-### # #######-- ### ###-...####..%%.%.#. .-..--#-|^.|..-|....##-## #--.|##-..# ### #--..| # # #-.-.-.#..@.."...####.....##|......##-..-- # -#-..## |..|-#-- ##...| ## #### |...........%.| |.....|#-.-|*..|#-)..## # |....- --#-|..---.##|..---# -#-#- |...^.........# ##..-#--#*.-....|.....|### |.....| ###<.....# |....|#--|...##-....--..|...-###|..-#---..*.---|...----#-- |.....| --#-....-# |....|.......|#......##-|...-#---...%.|..%...| |...|-....| --[...|----..|.....##-..-.....|#---|......----.)..#....|.%.....|..| ---#|...).| |....|..|...|......#..--|..-#-### |...- -........|....|.....----.-- ##...--- |...).%....--.-...|...##----# ##--..| |...%|..---. --....##|...| #--..# ---#---...-|####-.-##--#---### -#---#- |..%-|..|...|###...--##...|#####---# # |....| ###|...---...|# ##-|.. ### -#-----.%...## |..--##-#-### ## ## # |-)..### -.....|..(.-# |..|..## ##-#-...|.....|####---#--#-# # ### ----# |....|# |...........###..##- # |..#.........-- ###...|..# ##### # |..## |..---## |...--|.....|#--#-#### |..|........ |......| # #### |..| ---- # #..-- ---...|## # ---|...|...- |....-##### ## ---- ###--- --..| ### --..|-..| |....| ### ---- -------- ------ woodfighter the Conqueror Experience level: 30 Strength: 25 Dexterity: 19 Constitution: 19 Intelligence: 12 Wisdom: 12 Charisma: 12 Health: 415(415) Energy: 115(115) Def: 48 Gold: 0 Moves: 48355 Dungeon seed: jPvZ59MDIkTNOViU Game ID: woodfighter_1446139250 Your Inventory: Amulets R - a blessed amulet of reflection (being worn) Weapons a - the blessed rustproof +6 Cleaver (weapon in hands) b - 10 blessed rusty +6 daggers (in quiver) Armor e - a blessed +5 gray dragon scale mail (being worn) n - an uncursed +2 pair of leather gloves named I challenge thee q - a blessed thoroughly burnt +4 pair of speed boots (being worn) r - a blessed thoroughly rusty +5 dwarvish iron helm (being worn) y - a blessed fireproof +5 cloak of protection (being worn) z - a blessed +4 Hawaiian shirt (being worn) O - a blessed +0 pair of levitation boots Y - a blessed rusty +4 pair of gauntlets of power (being worn) Comestibles j - an uncursed lizard corpse P - 2 uncursed C-rations Spellbooks k - the uncursed Book of the Dead Rings J - an uncursed ring of free action (on right hand) T - a blessed ring of teleport control (on left hand) Wands i - a rusty wand of cold (0:4) l - a blessed wand of digging (0:6) m - a wand of polymorph (0:4) p - a wand of fire (0:6) B - a rusty wand of digging (0:4) M - a blessed rusty wand of teleportation (0:7) W - a blessed wand of death (0:1) Z - a blessed wand of cancellation (0:2) Tools c - an uncursed lock pick d - a blessed +0 unicorn horn h - an uncursed magic whistle o - an uncursed stethoscope s - a blessed bag of holding t - a blessed towel u - a blessed +0 pick-axe A - an uncursed oil lamp (0:1217) D - a blessed +0 unicorn horn F - the Bell of Opening (1:2) I - a magic marker (0:12) K - the uncursed Candelabrum of Invocation (7 candles, lit) (0:383) V - a blessed oil lamp (0:1305) Gems v - a blessed touchstone X - the blessed Heart of Ahriman Contents of the bag of holding: the +0 Dragonbane a blessed +6 mummy wrapping 10 uncursed C-rations an uncursed lizard corpse 4 uncursed lumps of royal jelly 3 uncursed sprigs of wolfsbane 8 blessed scrolls of blank paper 3 uncursed scrolls of blank paper 9 cursed scrolls of blank paper a blessed greased scroll of charging a blessed scroll of charging 5 blessed scrolls of gold detection an uncursed scroll of identify an uncursed scroll of teleportation an uncursed scroll of wishing 13 blessed diluted potions of full healing 6 potions of holy water a blessed wand of death (0:0) a blessed wand of death named orcus (0:1) a rusty wand of digging (0:8) a blessed wand of digging (0:7) a rusty wand of digging (0:6) a blessed wand of digging (0:5) a rusty wand of digging (0:4) a rusty wand of digging (0:4) a blessed wand of fire (0:7) a wand of polymorph (0:7) a blessed wand of secret door detection (0:14) a wand of secret door detection (0:12) a wand of teleportation (0:8) a blessed rusty wand of teleportation (0:5) a wand of teleportation (0:5) a blessed wand of teleportation (0:4) a rusty wand of teleportation (0:3) 4 uncursed agate stones 3 uncursed amethyst stones a blessed luckstone an uncursed ruby 3 uncursed sapphires Spells and supernatural/magical abilities: Name Level Category Fail Memory p - protection 1* clerical 100% 0% V - teleportitis -- ability ? -- W - pray for help -- divine ? -- Your skills at the end: Miscellaneous Skills bare handed combat [Basic] Weapon Skills dagger [Basic] axe [Master] short sword [Basic] Spellcasting Skills Final Attributes: You were piously aligned. You were fire resistant. You were cold resistant. You were sleep resistant. You were disintegration-resistant. You were shock resistant. You were poison resistant. You were magic-protected. You saw invisible. You were telepathic. You were invisible to others. You were stealthy. You could teleport. You had teleport control. You were protected. You were very fast. You had reflection. You had free action. You were lucky. You had extra luck. Good luck did not time out for you. You survived. Vanquished creatures: Orcus Yeenoghu Juiblex The Wizard of Yendor (thrice) 3 mammoths Vlad the Impaler Medusa 8 krakens 2 iron golems a master lich 4 storm giants 2 titans 9 deep ettins 2 glass golems 7 balrogs Thoth Amon 7 purple worms 8 red dragons 6 white dragons 7 orange dragons 7 black dragons 4 blue dragons 4 yellow dragons 24 minotaurs 5 jabberwocks 15 baluchitheria 9 stone golems 8 Olog-hai 3 Nazgul 16 pit fiends a sandestin 2 hell hounds 7 titanotheres 5 trappers a baby gray dragon 17 baby red dragons 25 baby orange dragons a baby yellow dragon 24 vampire lords 4 shades 6 skeletons 8 captains 4 liches a water troll 2 clay golems 9 nurses 26 ice devils 8 nalfeshnees 7 lurkers above 2 golden nagas 10 black puddings 19 vampires 24 ghosts 9 ettins 7 lieutenants a queen bee 5 winged gargoyles a mind flayer 17 giant mimics 5 fire giants 7 ogre kings 32 rock trolls 9 umber hulks 3 flesh golems 14 doppelgangers 14 hezrous 12 bone devils a salamander 8 large mimics 2 wumpuses 6 fire vortices a baby long worm a baby purple worm 6 long worms 5 couatls 13 stalkers 7 air elementals 8 fire elementals 3 earth elementals 2 water elementals 5 hill giants 10 giant mummies 2 black nagas 10 xorns 13 giant zombies 7 elf-lords 15 sergeants a barbed devil 17 vrocks 8 wargs 3 winter wolves 9 hell hound pups 21 small mimics 2 island nymphs a glass piercer 8 warhorses 6 steam vortices 14 xans 10 ettin mummies 8 ogre lords 10 quantum mechanics 22 trolls 3 wood golems 10 mariliths 2 djinn 4 sharks 6 electric eels 3 pyrolisks 2 large dogs 2 freezing spheres 9 flaming spheres 14 shocking spheres 3 large cats 4 tigers 7 gargoyles 6 tengu 14 gelatinous cubes 7 ochre jellies 3 chameleons 4 crocodiles 6 leocrottas 8 energy vortices a mountain centaur 3 giants 3 elf mummies 3 human mummies a red naga 4 green slimes 6 pit vipers 3 pythons 9 cobras 40 wraiths 11 ettin zombies 2 leather golems 7 Grey-elves 69 soldiers a horned devil 11 succubi 10 incubi 4 giant beetles 33 cockatrices 4 wolves 2 winter wolf cubs 5 lynxes 4 panthers 5 gremlins 7 leprechauns 3 quivering blobs a spotted jelly 4 lizards 7 mountain nymphs 4 orc-captains 3 mumakil 7 giant spiders 7 scorpions an iron piercer 5 horses 2 ice vortices 2 black lights 7 vampire bats 2 forest centaurs 7 gnome kings 3 orc mummies 2 dwarf mummies 70 ogres 8 brown puddings 11 rust monsters 9 owlbears 4 yetis 2 gold golems 6 werewolves 9 Green-elves 2 piranhas 13 giant eels 2 chieftains 14 chickatrices a dog 3 dingos 6 jaguars 5 dwarf lords a blue jelly 3 water nymphs a gray unicorn a black unicorn 2 dust vortices 6 ravens 8 plains centaurs 4 gnome mummies 4 snakes 11 apes 15 human zombies 6 rope golems 7 Woodland-elves 9 fire ants 4 bugbears 2 imps 2 baby crocodiles 5 wood nymphs 15 Mordor orcs 9 Uruk-hai 2 orc shamans 3 rock moles 2 rock piercers 4 ponies 6 yellow lights 6 shriekers 3 violet fungi 18 gnome lords 6 gnomish wizards 2 red naga hatchlings a black naga hatchling 4 gray oozes 3 barrow wights 14 elf zombies 15 ghouls 4 paper golems 4 jellyfish 16 giant ants 2 little dogs 4 floating eyes 2 kittens 27 dwarves 2 homunculi 5 kobold lords 2 kobold shamans 7 iguanas 22 hill orcs 14 rothes 6 rabid rats 2 centipedes 7 giant bats 3 monkeys 13 orc zombies 5 dwarf zombies 4 wererats 3 werejackals 13 killer bees 9 coyotes 5 gas spores 12 hobbits 10 acid blobs 3 large kobolds 9 geckos 7 hobgoblins 3 giant rats 8 cave spiders a brown mold 9 yellow molds a green mold 4 red molds 69 gnomes 3 garter snakes 10 manes 13 gnome zombies 10 jackals 7 foxes 11 newts 6 goblins 6 sewer rats 18 grid bugs 14 bats 7 lichens 14 kobold zombies 2021 creatures vanquished. Genocided species: hobbits dwarves bugbears dwarf lords dwarf kings mind flayers master mind flayers liches demiliches master liches arch-liches disenchanters 12 species genocided. Voluntary challenges: You had been an atheist until turn 2330. You used a wielded weapon 3994 times, starting on turn 5. You read items or engraved 89 times, starting on turn 5632. You genocided 12 types of monsters, starting on turn 28230. You polymorphed 1 item, starting on turn 20196. You changed form 2 times, starting on turn 24493. You completed Sokoban on turn 11060, according to the rules. You used 5 wishes, starting on turn 32104. You did not wish for any artifacts. You split 9 puddings, starting on turn 35966. You never wrote Elbereth's name. You violated your moral code, losing 17 points of alignment, starting on turn 24331. Dungeon overview: The Dungeons of Doom: levels 1 to 31 Level 1 a fountain a long staircase Level 2 an armor shop, some fountains stairs to The Gnomish Mines Level 3 a fountain Level 4 an altar to Set, a fountain Level 5 an armor shop Level 6 Level 7 (Oracle) many fountains Level 8 stairs to Sokoban Level 9 Level 10 an altar to Mitra Level 11 some fountains Level 12 some fountains Level 13 (big room) Level 14 (Quest) a fountain portal to The Quest Level 15 a general store Level 16 Level 17 Level 18 an altar to Crom, a fountain Level 19 an altar to Mitra, many fountains Level 20 (vault) an altar to Mitra, some fountains Level 21 Level 22 (vault) Level 23 a fountain Level 24 Level 25 (Medusa) Level 26 Level 27 Level 28 Level 29 Level 30 Level 31 (Castle) a magic chest, a fountain, a throne Gehennom: levels 32 to 55 Level 32 a temple to Moloch, a magic chest stairs to The Dungeons of Doom Level 33 Level 34 Level 35 (Baalzebub) a magic chest Level 36 Level 37 Level 38 Level 39 Level 40 (Jubilex) a fountain Level 41 Level 42 Level 43 Level 44 (Yeenoghu) a magic chest Level 45 stairs to Vlad's Tower Level 46 (Orcus town) some shops, an altar to Moloch, a magic chest Level 47 Level 48 Level 49 (wizzard top) a magic chest Level 50 Level 51 (wizzard bottom) portal to Gehennom Level 52 portal to Gehennom Level 53 Level 54 Level 55 (vibrating square?) <- You were here The Gnomish Mines: levels 3 to 10 Level 3 stairs to The Dungeons of Doom Level 4 Level 5 many shops, a temple to Crom, a magic chest, some fountains, some trees Level 6 Level 7 Level 8 Level 9 Level 10 a magic chest, a fountain The Quest: levels 1 to 5 Level 1 (bell is here) a magic chest portal to The Dungeons of Doom Level 2 Level 3 Level 4 Level 5 an altar to Mitra Sokoban: levels 4 to 7 Level 4 Level 5 Level 6 Level 7 a magic chest stairs to The Dungeons of Doom Vlad's Tower: levels 42 to 44 Level 42 a throne Level 43 an altar to Moloch Level 44 stairs to Gehennom History has recorded: On T:1 you entered the Dungeons of Doom to retrieve the Amulet of Yendor! On T:349 you reached level 2 of The Dungeons of Doom. On T:575 you reached level 1 of The Gnomish Mines. On T:644 you advanced to experience level 2. On T:752 you advanced to experience level 3. On T:806 you reached level 4 of The Dungeons of Doom. On T:859 you reached level 3 of The Dungeons of Doom. On T:1094 you advanced to experience level 4. On T:1118 you reached level 2 of The Gnomish Mines. On T:1123 you reached level 3 of The Gnomish Mines. On T:1147 you advanced to experience level 5. On T:1831 you advanced to experience level 6. On T:2290 you entered the Minetown temple On T:2392 you opened a magic chest. On T:2393 you opened a magic chest. On T:2395 you opened a magic chest. On T:2395 you opened a magic chest. On T:2395 you opened a magic chest. On T:2401 you opened a magic chest. On T:2409 you opened a magic chest. On T:2599 you reached level 4 of The Gnomish Mines. On T:2922 you opened a magic chest. On T:3119 you advanced to experience level 7. On T:3194 you reached level 5 of The Gnomish Mines. On T:3360 you opened a magic chest. On T:3361 you opened a magic chest. On T:3679 you reached level 6 of The Gnomish Mines. On T:4187 you reached level 7 of The Gnomish Mines. On T:4500 you reached level 8 of The Gnomish Mines. On T:4500 you reached the bottom of the Mines. On T:4758 you advanced to experience level 8. On T:4907 you opened a magic chest. On T:5565 you opened a magic chest. On T:5570 you opened a magic chest. On T:5571 you opened a magic chest. On T:5572 you opened a magic chest. On T:5578 you opened a magic chest. On T:5579 you opened a magic chest. On T:5628 you opened a magic chest. On T:6477 you reached level 5 of The Dungeons of Doom. On T:7302 you reached level 6 of The Dungeons of Doom. On T:7331 you reached level 7 of The Dungeons of Doom. On T:7741 you reached level 8 of The Dungeons of Doom. On T:8133 you reached level 4 of Sokoban. On T:8284 you reached level 9 of The Dungeons of Doom. On T:8393 you advanced to experience level 9. On T:8856 you opened a magic chest. On T:8858 you opened a magic chest. On T:8865 you reached level 3 of Sokoban. On T:9488 you reached level 2 of Sokoban. On T:9847 you reached level 1 of Sokoban. On T:11060 you advanced to experience level 10. On T:11060 you entered the Sokoban zoo. On T:11325 you opened a magic chest. On T:11327 you opened a magic chest. On T:11329 you opened a magic chest. On T:11841 you opened a magic chest. On T:11842 you opened a magic chest. On T:11852 you opened a magic chest. On T:11861 you opened a magic chest. On T:11933 you opened a magic chest. On T:11936 you opened a magic chest. On T:11942 you opened a magic chest. On T:11944 you opened a magic chest. On T:11957 you opened a magic chest. On T:12123 you reached level 10 of The Dungeons of Doom. On T:12381 you reached level 11 of The Dungeons of Doom. On T:12748 you reached level 12 of The Dungeons of Doom. On T:12898 you reached level 13 of The Dungeons of Doom. On T:13485 you reached level 14 of The Dungeons of Doom. On T:13856 you opened a magic chest. On T:13857 you opened a magic chest. On T:13858 you opened a magic chest. On T:13858 you opened a magic chest. On T:13868 you opened a magic chest. On T:13869 you opened a magic chest. On T:13869 you opened a magic chest. On T:14151 you reached level 15 of The Dungeons of Doom. On T:14283 you reached level 1 of The Quest. On T:14599 you reached level 16 of The Dungeons of Doom. On T:14774 you reached level 17 of The Dungeons of Doom. On T:15296 you reached level 18 of The Dungeons of Doom. On T:15419 you reached level 19 of The Dungeons of Doom. On T:15641 you advanced to experience level 11. On T:15644 you reached level 20 of The Dungeons of Doom. On T:17140 you opened a magic chest. On T:17141 you opened a magic chest. On T:17142 you opened a magic chest. On T:17143 you opened a magic chest. On T:17145 you opened a magic chest. On T:17147 you opened a magic chest. On T:17148 you opened a magic chest. On T:17150 you opened a magic chest. On T:17151 you opened a magic chest. On T:17152 you opened a magic chest. On T:17367 you opened a magic chest. On T:17408 you opened a magic chest. On T:17413 you opened a magic chest. On T:17450 you opened a magic chest. On T:17451 you opened a magic chest. On T:17479 you opened a magic chest. On T:17480 you opened a magic chest. On T:17483 you opened a magic chest. On T:17486 you opened a magic chest. On T:18398 you reached level 21 of The Dungeons of Doom. On T:18444 you reached level 22 of The Dungeons of Doom. On T:18561 you reached level 23 of The Dungeons of Doom. On T:18885 you reached level 24 of The Dungeons of Doom. On T:19247 you advanced to experience level 12. On T:19273 you reached level 25 of The Dungeons of Doom. On T:20171 you opened a magic chest. On T:20173 you opened a magic chest. On T:20174 you opened a magic chest. On T:20188 you opened a magic chest. On T:20189 you opened a magic chest. On T:20189 you opened a magic chest. On T:20189 you opened a magic chest. On T:20259 you opened a magic chest. On T:20259 you opened a magic chest. On T:20463 you opened a magic chest. On T:20463 you opened a magic chest. On T:20465 you opened a magic chest. On T:20694 you opened a magic chest. On T:20694 you opened a magic chest. On T:20708 you opened a magic chest. On T:20711 you opened a magic chest. On T:20712 you opened a magic chest. On T:20713 you opened a magic chest. On T:20714 you opened a magic chest. On T:20719 you opened a magic chest. On T:20720 you opened a magic chest. On T:20721 you opened a magic chest. On T:20723 you opened a magic chest. On T:22272 you opened a magic chest. On T:22278 you opened a magic chest. On T:22278 you opened a magic chest. On T:22280 you opened a magic chest. On T:22280 you opened a magic chest. On T:22283 you opened a magic chest. On T:22284 you opened a magic chest. On T:22284 you opened a magic chest. On T:22287 you opened a magic chest. On T:22288 you opened a magic chest. On T:22298 you opened a magic chest. On T:22836 you advanced to experience level 13. On T:23194 you reached level 26 of The Dungeons of Doom. On T:23204 you killed Medusa on level 26 of The Dungeons of Doom. On T:23388 you reached level 27 of The Dungeons of Doom. On T:23393 you reached level 28 of The Dungeons of Doom. On T:23544 you reached level 29 of The Dungeons of Doom. On T:25677 you opened a magic chest. On T:25678 you opened a magic chest. On T:25679 you opened a magic chest. On T:25681 you opened a magic chest. On T:25681 you opened a magic chest. On T:25825 you received Cleaver from Set. On T:26012 you opened a magic chest. On T:26013 you opened a magic chest. On T:26015 you opened a magic chest. On T:26020 you opened a magic chest. On T:26022 you opened a magic chest. On T:26023 you opened a magic chest. On T:26024 you opened a magic chest. On T:26024 you opened a magic chest. On T:26236 you opened a magic chest. On T:26267 you opened a magic chest. On T:26272 you opened a magic chest. On T:26278 you opened a magic chest. On T:26284 you opened a magic chest. On T:26808 you opened a magic chest. On T:26813 you embarked upon an epic quest. On T:26819 you reached level 2 of The Quest. On T:27093 you reached level 3 of The Quest. On T:27330 you reached level 4 of The Quest. On T:27565 you reached level 5 of The Quest. On T:27928 you killed Thoth Amon on level 5 of The Quest. On T:28204 you completed the quest! On T:28214 you opened a magic chest. On T:28215 you opened a magic chest. On T:28216 you opened a magic chest. On T:28219 you opened a magic chest. On T:28220 you opened a magic chest. On T:28220 you opened a magic chest. On T:28220 you opened a magic chest. On T:28222 you opened a magic chest. On T:28239 you opened a magic chest. On T:28242 you opened a magic chest. On T:28243 you opened a magic chest. On T:28245 you opened a magic chest. On T:28250 you opened a magic chest. On T:28250 you opened a magic chest. On T:28252 you opened a magic chest. On T:28252 you opened a magic chest. On T:28253 you opened a magic chest. On T:29693 you reached level 30 of The Dungeons of Doom. On T:30325 you reached The Castle. On T:30901 you advanced to experience level 14. On T:30932 you opened a magic chest. On T:30933 you opened a magic chest. On T:31103 you opened a magic chest. On T:31169 you opened a magic chest. On T:31170 you opened a magic chest. On T:31846 you reached The Valley of the Dead. On T:32069 you opened a magic chest. On T:32071 you opened a magic chest. On T:32089 you opened a magic chest. On T:32090 you opened a magic chest. On T:32090 you opened a magic chest. On T:32104 you wished for "+3 blessed fixed greased gray dragon scale mail". On T:32123 you opened a magic chest. On T:32124 you opened a magic chest. On T:32148 you opened a magic chest. On T:32149 you opened a magic chest. On T:32149 you opened a magic chest. On T:32150 you opened a magic chest. On T:32151 you opened a magic chest. On T:32186 you opened a magic chest. On T:32186 you wished for "uncursed magic marker". On T:32204 you opened a magic chest. On T:32207 you opened a magic chest. On T:32217 you wished for "2 blessed fixed greased scroll of charging". On T:32219 you opened a magic chest. On T:32233 you opened a magic chest. On T:32234 you opened a magic chest. On T:32258 you opened a magic chest. On T:32258 you opened a magic chest. On T:32259 you opened a magic chest. On T:32261 you opened a magic chest. On T:32261 you opened a magic chest. On T:32262 you opened a magic chest. On T:32264 you opened a magic chest. On T:32267 you opened a magic chest. On T:32268 you opened a magic chest. On T:32269 you opened a magic chest. On T:32741 you opened a magic chest. On T:32742 you opened a magic chest. On T:32743 you opened a magic chest. On T:32745 you opened a magic chest. On T:32747 you opened a magic chest. On T:32747 you opened a magic chest. On T:32748 you opened a magic chest. On T:32943 you opened a magic chest. On T:32945 you opened a magic chest. On T:32984 you opened a magic chest. On T:32985 you opened a magic chest. On T:33102 you reached level 2 of Gehennom. On T:33295 you reached level 3 of Gehennom. On T:33609 you reached level 4 of Gehennom. On T:34313 you opened a magic chest. On T:34314 you opened a magic chest. On T:34315 you opened a magic chest. On T:34326 you reached level 5 of Gehennom. On T:34619 you reached level 6 of Gehennom. On T:34867 you reached level 7 of Gehennom. On T:35106 you reached level 8 of Gehennom. On T:35614 you reached level 9 of Gehennom. On T:35823 you advanced to experience level 15. On T:35864 you reached level 10 of Gehennom. On T:35943 you killed Juiblex on level 9 of Gehennom. On T:36616 you reached level 11 of Gehennom. On T:37026 you reached level 12 of Gehennom. On T:37854 you reached level 13 of Gehennom. On T:38220 you killed Yeenoghu on level 13 of Gehennom. On T:38372 you opened a magic chest. On T:38374 you opened a magic chest. On T:38375 you opened a magic chest. On T:38377 you opened a magic chest. On T:38377 you opened a magic chest. On T:38379 you opened a magic chest. On T:38464 you reached level 14 of Gehennom. On T:38846 you reached level 15 of Gehennom. On T:39393 you killed Orcus on level 13 of Gehennom. On T:39889 you opened a magic chest. On T:39891 you opened a magic chest. On T:39892 you opened a magic chest. On T:39893 you opened a magic chest. On T:39895 you opened a magic chest. On T:39895 you opened a magic chest. On T:39897 you opened a magic chest. On T:39898 you opened a magic chest. On T:39975 you opened a magic chest. On T:39976 you opened a magic chest. On T:39984 you opened a magic chest. On T:39985 you opened a magic chest. On T:39986 you opened a magic chest. On T:39986 you opened a magic chest. On T:39988 you opened a magic chest. On T:39989 you opened a magic chest. On T:39991 you opened a magic chest. On T:39992 you opened a magic chest. On T:39998 you opened a magic chest. On T:39999 you opened a magic chest. On T:40000 you opened a magic chest. On T:40001 you opened a magic chest. On T:40003 you opened a magic chest. On T:40004 you wished for "+2 fixed greased blessed cloak of protection". On T:40066 you opened a magic chest. On T:40067 you opened a magic chest. On T:40069 you reached level 16 of Gehennom. On T:40176 you opened a magic chest. On T:40201 you reached level 17 of Gehennom. On T:40406 you reached level 18 of Gehennom. On T:41235 you reached level 19 of Gehennom. On T:41248 you reached level 20 of Gehennom. On T:42201 you reached level 21 of Gehennom. On T:42648 you reached level 22 of Gehennom. On T:42663 you reached level 23 of Gehennom. On T:43700 you reached level 24 of Gehennom. On T:45701 you reached level 3 of Vlad's Tower. On T:46070 you reached level 2 of Vlad's Tower. On T:46105 you reached level 1 of Vlad's Tower. On T:46315 you killed Vlad the Impaler on level 1 of Vlad's Tower. On T:46491 you opened a magic chest. On T:46491 you opened a magic chest. On T:46491 you opened a magic chest. On T:46570 you opened a magic chest. On T:46572 you opened a magic chest. On T:46573 you opened a magic chest. On T:46575 you opened a magic chest. On T:46576 you opened a magic chest. On T:46577 you opened a magic chest. On T:46586 you opened a magic chest. On T:46655 you opened a magic chest. On T:46656 you opened a magic chest. On T:46658 you opened a magic chest. On T:46660 you opened a magic chest. On T:46661 you opened a magic chest. On T:46665 you opened a magic chest. On T:46672 you opened a magic chest. On T:46672 you opened a magic chest. On T:46673 you opened a magic chest. On T:46677 you opened a magic chest. On T:46678 you advanced to experience level 16. On T:46678 you advanced to experience level 17. On T:46679 you advanced to experience level 18. On T:46680 you advanced to experience level 19. On T:46680 you advanced to experience level 20. On T:46681 you advanced to experience level 21. On T:46682 you advanced to experience level 22. On T:46682 you advanced to experience level 23. On T:46683 you advanced to experience level 24. On T:46684 you advanced to experience level 25. On T:46684 you advanced to experience level 26. On T:46685 you advanced to experience level 27. On T:46686 you advanced to experience level 28. On T:46686 you advanced to experience level 29. On T:46687 you advanced to experience level 30. On T:46688 you opened a magic chest. On T:46688 you opened a magic chest. On T:46702 you opened a magic chest. On T:46704 you opened a magic chest. On T:46704 you opened a magic chest. On T:46707 you opened a magic chest. On T:46722 you opened a magic chest. On T:46742 you opened a magic chest. On T:46743 you wished for "uncursed magic marker". On T:46805 you opened a magic chest. On T:46806 you opened a magic chest. On T:46806 you opened a magic chest. On T:46807 you opened a magic chest. On T:46808 you opened a magic chest. On T:46808 you opened a magic chest. On T:46809 you opened a magic chest. On T:46811 you opened a magic chest. On T:46812 you opened a magic chest. On T:46820 you opened a magic chest. On T:46822 you opened a magic chest. On T:46823 you opened a magic chest. On T:46823 you opened a magic chest. On T:46824 you opened a magic chest. On T:46825 you opened a magic chest. On T:46826 you opened a magic chest. On T:46827 you opened a magic chest. On T:46835 you opened a magic chest. On T:46836 you opened a magic chest. On T:47948 you killed Wizard of Yendor on level 19 of Gehennom. On T:48324 you killed Wizard of Yendor on level 24 of Gehennom. On T:48326 you killed Wizard of Yendor on level 24 of Gehennom. Score breakdown: Gold: 0 ( 0 points) Experience: 30 levels ( 2000 points) Exploration: 55 levels ( 1620 points) Discoveries: 126 items ( 2000 points) Variety of kills: 263 monsters ( 2000 points) Major goal: ready for invocation ( 3500 points) Survival: quit (score multiplied by 3) Total score: 33360 Latest messages: Hello woodfighter, the male human Barbarian, welcome back to NetHack! You named this level: vibrating square?. The moon seems less notable tonight... To quit the game, use the 'save' command (typically on 'S'). Final status: Goodbye woodfighter the Barbarian, quit... You quit in Gehennom on dungeon level 55 with 33360 points, and 0 pieces of gold, after 48355 moves. You were level 30 with a maximum of 415 hit points when you quit.